Map: [ESL] Moondance

Players

ShoWTimE - Winner!

  • Race: Protoss Protoss
  • Spawn Location: 6:00

Serral

  • Race: Zerg Zerg
  • Spawn Location: 12:00

Event: HomeStory Cup XXI

VOD

Have the link to the VOD?

Description

Time

  • Played on: July 23, 2022, 6:11 p.m.
  • Length: 18:25

All games in this series

Show
View Real Time Build Order
Export as new Build Order

ShoWTimE Protoss - Winner!

Build Orders: 1 Gate Expand, Oracle Opening, Phoenix Opening 

Get SALT Encoding   

  12  0:00  Probe  
  13  0:12  Probe  
  14  0:17  Pylon  
  14  0:24  Probe (Chrono Boost)  
  15  0:36  Probe (Chrono Boost)  
  15  0:38  Gateway  
  16  0:45  Probe (Chrono Boost)  
  16  0:46  Assimilator  
  17  0:50  Probe  
  18  1:03  Probe  
  19  1:15  Probe  
  20  1:22  Nexus  
  20  1:27  Probe  
  21  1:36  Cybernetics Core  
  21  1:41  Assimilator  
  21  1:45  Probe  
  22  1:51  Pylon  
  22  1:57  Probe  
  23  2:09  Probe (Chrono Boost)  
  23  2:12  Adept  
  26  2:15  Stargate  
  26  2:20  Probe (Chrono Boost)  
  26  2:22  Warp Gate  
  27  2:25  Probe (Chrono Boost)  
  28  2:34  Probe (Chrono Boost)  
  30  2:42  Adept, Probe (Chrono Boost)  
  30  2:44  Probe (Chrono Boost)  
  33  2:48  Probe (Chrono Boost)  
  33  2:49  Probe (Chrono Boost)  
  35  2:57  Phoenix (Chrono Boost)  
  35  3:00  Probe x2  
  39  3:05  Pylon  
  39  3:12  Oracle (Chrono Boost), Probe  
  40  3:13  Probe  
  44  3:24  Probe  
  44  3:25  Probe  
  46  3:34  Nexus  
  46  3:36  Probe  
  46  3:37  Probe  
  46  3:39  Oracle (Chrono Boost)  
  48  3:46  Pylon  
  51  3:49  Probe x2  
  53  3:55  Assimilator  
  53  3:58  Assimilator  
  53  4:01  Probe  
  54  4:04  Probe  
  55  4:11  Forge  
  55  4:13  Twilight Council, Probe  
  55  4:16  Probe  
  57  4:20  Pylon  
  57  4:25  Probe, Gateway  
  57  4:28  Probe  
  59  4:37  Probe  
  60  4:40  Probe (Chrono Boost)  
  60  4:41  Protoss Ground Weapons Level 1 (Chrono Boost)  
  61  4:46  Gateway  
  61  4:48  Blink (Chrono Boost)  
  61  4:50  Probe (Chrono Boost)  
  61  4:52  Probe x2 (Chrono Boost)  
  64  4:59  Gateway  
  65  5:00  Probe (Chrono Boost)  
  65  5:01  Probe x2 (Chrono Boost)  
  65  5:05  Probe (Chrono Boost)  
  65  5:06  Probe x2 (Chrono Boost)  
  68  5:09  Forge  
  70  5:16  Pylon, Probe  
  71  5:21  Gateway x2  
  71  5:25  Sentry  
  71  5:26  Stalker  
  75  5:28  Pylon  
  75  5:41  Stalker  
  77  5:45  Protoss Ground Armor Level 1 (Chrono Boost)  
  77  5:48  Pylon  
  77  5:49  Nexus  
  77  5:52  Probe x3  
  80  6:01  Gateway  
  80  6:04  Gateway  
  80  6:05  Probe  
  80  6:06  Probe x2  
  80  6:08  Shield Battery  
  83  6:12  Stalker x4  
  83  6:16  Photon Cannon  
  83  6:18  Pylon, Probe x3  
  93  6:23  Shield Battery  
  94  6:29  Pylon  
  94  6:30  Probe x2  
  94  6:31  Stalker x2  
  100  6:36  Probe  
  101  6:42  Probe x2  
  101  6:43  Stalker x2  
  101  6:45  Stalker  
  101  6:46  Stalker  
  111  6:48  Probe  
  111  6:53  Protoss Ground Weapons Level 2 (Chrono Boost)  
  113  6:54  Probe  
  113  6:56  Charge  
  113  7:05  Stalker x3, Photon Cannon  
  113  7:07  Shield Battery  
  119  7:12  Stalker x2  
  123  7:15  Pylon  
  123  7:20  Shield Battery  
  123  7:23  Stalker x3, Pylon  
  123  7:26  Shield Battery  
  129  7:32  Stalker x3  
  129  7:36  Shield Battery  
  135  7:42  Photon Cannon  
  129  7:44  Stalker x2  
  129  7:49  Stalker x2  
  129  7:50  Stalker  
  133  7:57  Stalker  
  135  8:05  Stalker  
  129  8:11  Stalker x3  
  128  8:15  Zealot x3  
  128  8:19  Shield Battery  
  131  8:20  Pylon  
  131  8:26  Stalker  
  127  8:32  Stalker  
  125  8:35  Gateway, Zealot x3  
  125  8:37  Gateway  
  125  8:38  Stalker x2  
  125  8:40  Probe  
  125  8:41  Probe x2  
  122  8:50  Stalker x2  
  122  8:54  Protoss Shields Level 1 (Chrono Boost)  
  118  8:57  Stalker x4  
  126  9:06  Stalker x2, Nexus  
  126  9:08  Pylon  
  130  9:14  Pylon  
  130  9:20  Stalker x3  
  136  9:25  Pylon  
  136  9:26  Probe x4  
  140  9:36  Zealot x7  
  140  9:38  Probe  
  153  9:40  Probe x3  
  153  9:42  Protoss Ground Weapons Level 3 (Chrono Boost)  
  156  9:46  Photon Cannon, Gateway  
  156  9:48  Gateway, Zealot x2  
  156  9:50  Probe, Zealot  
  163  9:59  Robotics Facility  
  163  10:05  Nexus, Zealot  
  163  10:06  Zealot x3  
  171  10:13  Robotics Facility  
  171  10:18  Pylon  
  171  10:21  Pylon  
  171  10:24  Photon Cannon  
  171  10:28  Zealot  
  171  10:33  Zealot x5  
  165  10:41  Shield Battery  
  163  10:48  Shield Battery  
  163  10:49  Protoss Shields Level 2 (Chrono Boost)  
  163  10:59  Immortal x2 (Chrono Boost)  
  171  11:05  Robotics Bay  
  171  11:06  Pylon, Probe x3  
  171  11:07  Probe  
  175  11:13  Photon Cannon  
  175  11:15  Photon Cannon  
  175  11:18  Photon Cannon, Probe  
  176  11:20  Photon Cannon  
  176  11:26  Photon Cannon  
  176  11:31  Probe, Assimilator  
  176  11:32  Probe  
  178  11:33  Nexus, Immortal (Chrono Boost)  
  178  11:35  Pylon, Immortal (Chrono Boost), Assimilator  
  178  11:39  Photon Cannon  
  184  11:44  Stalker x3, Zealot x4  
  192  11:50  Photon Cannon  
  186  12:00  Zealot x3  
  190  12:04  Probe x5  
  190  12:07  Zealot x2  
  199  12:16  Probe  
  199  12:22  Assimilator  
  200  12:28  Protoss Ground Armor Level 2 (Chrono Boost)  
  196  12:31  Disruptor (Chrono Boost)  
  196  12:32  Disruptor (Chrono Boost)  
  194  12:41  Zealot x4  
  198  12:45  Stalker x3  
  198  12:50  Stalker x3, Pylon  
  192  12:54  Assimilator  
  192  12:55  Zealot x2  
  192  12:56  Assimilator  
  184  12:59  Disruptor (Chrono Boost)  
  184  13:00  Disruptor (Chrono Boost), Photon Cannon  
  184  13:02  Photon Cannon  
  184  13:04  Photon Cannon  
  190  13:06  Zealot x4  
  198  13:13  Photon Cannon  
  198  13:15  Photon Cannon  
  198  13:16  Photon Cannon  
  196  13:20  Protoss Shields Level 3 (Chrono Boost)  
  194  13:30  Disruptor (Chrono Boost)  
  187  13:34  Disruptor (Chrono Boost)  
  188  13:44  Templar Archives, Photon Cannon  
  188  13:45  Zealot x6  
  192  13:58  Disruptor (Chrono Boost)  
  193  14:03  Disruptor (Chrono Boost)  
  196  14:10  Photon Cannon  
  196  14:15  Photon Cannon  
  196  14:16  Psionic Storm, Shield Battery  
  196  14:18  Shield Battery  
  196  14:29  Observer (Chrono Boost)  
  189  14:31  Observer (Chrono Boost)  
  189  14:38  High Templar x5  
  186  14:40  Zealot x3  
  186  14:44  Assimilator  
  200  14:49  Assimilator  
  199  15:00  Fleet Beacon  
  199  15:01  Protoss Ground Armor Level 3 (Chrono Boost)  
  199  15:02  Stargate  
  198  15:15  Nexus, Zealot x2  
  198  15:17  Pylon  
  181  15:33  Zealot x10  
  191  15:42  Observer  
  184  15:45  Zealot  
  184  15:46  Probe  
  184  15:47  Probe  
  180  15:53  Carrier  
  180  15:54  Carrier  
  176  15:57  Gravitic Boosters (Chrono Boost)  
  176  16:00  Probe x3  
  176  16:01  Probe x3  
  194  16:06  High Templar  
  196  16:12  Probe  
  196  16:15  Photon Cannon  
  196  16:18  Photon Cannon  
  197  16:20  Pylon  
  197  16:26  High Templar  
  199  16:33  Cybernetics Core  
  199  16:35  Cybernetics Core  
  193  16:41  High Templar x3  
  199  16:53  Carrier (Chrono Boost)  
  193  16:59  Pylon  
  183  17:02  High Templar x2  
  183  17:06  Photon Cannon  
  183  17:07  Photon Cannon, Gateway  
  173  17:10  Photon Cannon x2  
  173  17:12  Photon Cannon  
  173  17:13  Carrier (Chrono Boost)  
  178  17:25  Stargate  
  178  17:26  Zealot x8  
  178  17:27  Zealot  
  196  17:45  Pylon  
  196  17:57  Zealot x3  
  188  18:06  Zealot x3  
  188  18:07  Zealot x4  
  188  18:08  Zealot  
Show
View Real Time Build Order
Export as new Build Order

Serral Zerg 

Build Orders: Hatch First, Lurkers 

Get SALT Encoding   

  12  0:00  Drone  
  13  0:11  Overlord  
  13  0:17  Drone  
  14  0:30  Drone x2  
  16  0:48  Hatchery  
  15  0:51  Drone  
  15  0:55  Drone  
  17  0:58  Drone  
  18  1:09  Extractor  
  17  1:14  Spawning Pool  
  17  1:17  Drone  
  17  1:20  Drone  
  18  1:27  Drone  
  19  1:38  Drone  
  20  1:49  Overlord  
  20  2:01  Queen x2  
  20  2:02  Zergling x4  
  26  2:10  Drone x2  
  26  2:12  Metabolic Boost  
  28  2:23  Drone x2  
  30  2:35  Hatchery  
  30  2:37  Drone  
  30  2:39  Drone  
  31  2:45  Queen  
  31  2:50  Overlord  
  33  2:53  Drone  
  33  2:54  Drone  
  33  2:57  Drone  
  36  3:03  Overlord  
  36  3:08  Queen  
  36  3:12  Drone x2  
  40  3:13  Drone  
  40  3:15  Drone  
  40  3:17  Drone  
  44  3:20  Drone  
  44  3:26  Queen  
  46  3:29  Overlord  
  46  3:31  Drone  
  47  3:36  Drone  
  47  3:39  Overlord  
  47  3:40  Drone  
  49  3:42  Spore Crawler  
  49  3:46  Queen  
  50  3:49  Spore Crawler  
  50  3:53  Drone x3  
  50  3:54  Zergling x2  
  53  3:57  Drone x2  
  53  4:02  Drone x2  
  57  4:03  Drone  
  57  4:06  Drone  
  57  4:07  Drone  
  57  4:09  Drone  
  61  4:14  Overlord, Zergling x2  
  62  4:18  Zergling x2  
  62  4:19  Drone x2  
  65  4:27  Overlord  
  65  4:31  Roach Warren, Queen  
  65  4:34  Overlord  
  65  4:38  Drone x3  
  65  4:41  Drone  
  65  4:43  Drone x3  
  72  4:45  Drone  
  72  4:47  Drone  
  72  4:49  Lair  
  72  4:52  Drone x2  
  75  4:56  Drone x3  
  75  4:58  Drone  
  75  4:59  Extractor  
  78  5:00  Extractor  
  78  5:01  Extractor  
  78  5:04  Drone x4  
  80  5:08  Overlord  
  80  5:09  Drone  
  80  5:13  Spore Crawler, Queen  
  82  5:18  Drone x3  
  82  5:21  Drone x2  
  87  5:22  Drone x2  
  87  5:24  Extractor x2, Drone  
  87  5:25  Queen  
  90  5:38  Overlord x2  
  90  5:39  Roach x4  
  90  5:41  Evolution Chamber  
  97  5:49  Overlord x3  
  96  5:59  Pneumatized Carapace  
  96  6:01  Roach x3, Drone  
  103  6:04  Glial Reconstitution, Hatchery  
  103  6:06  Zerg Missile Weapons Level 1  
  103  6:10  Roach x2  
  103  6:11  Roach  
  108  6:17  Roach x4  
  116  6:23  Roach x3  
  122  6:29  Overseer  
  122  6:30  Overlord x2  
  122  6:32  Roach x2  
  126  6:37  Roach x3  
  132  6:43  Roach x3  
  138  6:49  Roach  
  138  6:50  Roach x4  
  148  6:56  Overlord  
  148  6:57  Overlord x2  
  148  6:59  Roach x2  
  152  7:06  Roach  
  152  7:08  Overlord x2  
  154  7:15  Roach x5  
  164  7:19  Ravager x5  
  164  7:20  Ravager x3  
  172  7:26  Overlord  
  172  7:27  Roach x4  
  179  7:35  Ravager  
  179  7:36  Ravager  
  175  7:42  Roach x7  
  184  7:49  Roach x4  
  180  7:54  Roach x4  
  178  8:04  Roach x4  
  178  8:05  Roach x2  
  164  8:15  Roach x3  
  164  8:16  Roach x3  
  166  8:20  Roach x3  
  166  8:24  Roach x2  
  170  8:31  Roach x4  
  168  8:39  Roach x4  
  161  8:45  Roach x3  
  156  8:52  Zerg Missile Weapons Level 2  
  156  8:54  Roach x2  
  155  8:58  Drone x4  
  159  9:03  Infestation Pit  
  159  9:07  Roach x4  
  166  9:13  Zergling x10  
  171  9:20  Zergling x10  
  171  9:22  Ravager  
  171  9:23  Ravager  
  178  9:31  Roach x6  
  190  9:37  Roach x4  
  194  9:53  Infestor x2  
  194  9:55  Spore Crawler  
  196  10:05  Hatchery  
  193  10:08  Roach x3  
  193  10:12  Extractor x2  
  197  10:14  Hydralisk Den  
  197  10:19  Hive  
  197  10:21  Drone x2  
  197  10:23  Drone x2  
  197  10:28  Drone  
  199  10:35  Drone x3  
  197  10:36  Drone x3  
  197  10:41  Roach x2  
  198  10:44  Grooved Spines, Lurker Den  
  192  10:51  Zergling x14  
  196  11:08  Zerg Ground Armor Level 1  
  196  11:11  Spine Crawler  
  196  11:12  Spine Crawler, Hydralisk x2  
  196  11:33  Hydralisk  
  196  11:34  Hydralisk  
  192  11:48  Hydralisk x3  
  192  11:50  Seismic Spines  
  196  11:55  Muscular Augments  
  196  11:58  Lurker  
  196  12:00  Extractor  
  196  12:05  Overseer  
  196  12:07  Nydus Network  
  196  12:08  Overlord x3  
  194  12:16  Lurker x3  
  194  12:18  Overlord x2  
  197  12:31  Hydralisk  
  198  12:40  Hatchery  
  198  12:43  Lurker x3  
  194  12:45  Hydralisk x6  
  194  12:46  Hydralisk  
  194  12:47  Adaptive Talons  
  194  12:51  Drone x3, Adrenal Glands  
  180  12:52  Evolution Chamber  
  180  12:54  Hydralisk  
  180  12:55  Hydralisk x3  
  180  12:57  Zergling x22  
  185  13:02  Nydus Canal  
  179  13:13  Viper x3  
  185  13:33  Viper  
  160  13:35  Lurker x4  
  160  13:37  Zergling x22  
  160  13:40  Overseer  
  175  13:45  Lurker x3  
  178  13:57  Hydralisk x5  
  178  13:59  Hydralisk x2  
  178  14:02  Zergling x14  
  185  14:05  Zerg Ground Armor Level 2, Zerg Melee Weapons Level 1  
  185  14:19  Hydralisk x7  
  198  14:30  Viper x2  
  194  14:42  Drone x2  
  194  14:43  Drone  
  196  14:47  Lurker x4  
  196  14:52  Spine Crawler x3, Drone  
  198  14:53  Drone x2  
  198  14:56  Nydus Canal  
  200  15:12  Nydus Canal  
  195  15:34  Hydralisk x3  
  199  15:39  Hydralisk x2  
  199  15:42  Hydralisk x13  
  167  15:44  Hydralisk x7  
  191  15:51  Zergling x16  
  191  15:52  Zergling x2  
  200  16:01  Lurker x2  
  200  16:02  Zergling x2, Lurker x3  
  198  16:06  Zerg Melee Weapons Level 2  
  198  16:08  Baneling Nest  
  198  16:11  Zergling x6  
  198  16:38  Hydralisk x4  
  186  16:40  Zergling x4  
  186  16:41  Zergling x24  
  200  16:50  Overlord  
  200  16:51  Overlord  
  198  16:59  Hydralisk, Zergling x2  
  198  17:00  Zergling x10  
  192  17:14  Zergling x14  
  198  17:28  Spire  
  198  17:29  Hatchery  
  189  17:32  Lurker x10  
  199  17:43  Overseer  
  199  17:52  Drone  
Tags
 
Add a new tag
Caveats
  • Supply blocks, unpowered buildings, or Contaminate may cause inaccurate times.
  • Supply counts are checked every 10 seconds.